 Dungeon Crawl Stone Soup version 0.22-a0-580-gd5db89c09a (webtiles) character file.

203 Oirien the Skirmisher (level 5, -6/42 HPs)
             Began as a Demonspawn Fighter on July 1, 2018.
             Mangled by a gnoll
             ... wielding a +0 flail
              (9 damage)
             ... on level 3 of the Dungeon on July 2, 2018.
             The game lasted 00:06:33 (2352 turns).

Oirien the Skirmisher (Demonspawn Fighter)          Turns: 2352, Time: 00:06:34

Health: -6/42      AC: 10    Str: 17    XL:     5   Next: 51%
Magic:  5/5        EV:  7    Int: 10    God:
Gold:   158        SH:  9    Dex: 12    Spells: 4/4 levels left

rFire    . . .     SeeInvis .   a - +2 whip (venom)
rCold    . . .     Gourm    .   c - +0 shield
rNeg     . . .     Faith    .   b - +0 scale mail
rPois    +         Spirit   .   (helmet restricted)
rElec    .         Reflect  .   u - +1 cloak {rPois}
rCorr    .         Harm     .   (no gloves)
MR       .....                  v - +0 pair of boots
Stlth    +.........             (no amulet)
HPRegen  0.14/turn              (no ring)
MPRegen  0.09/turn              (no ring)

@: invisible
A: horns 1, nightstalker 1
a: no special abilities


You were on level 3 of the Dungeon.
You were not hungry.

You visited 1 branch of the dungeon, and saw 4 of its levels.

You collected 158 gold pieces.

Inventory:

Hand Weapons
 a - a +2 whip of venom (weapon)
 r - a +0 war axe
Armour
 b - a +0 scale mail (worn)
 c - a +0 shield (worn)
 u - a +1 cloak of poison resistance (worn)
 v - a +0 pair of boots (worn)
Jewellery
 g - an uncursed ring of resist corrosion {unknown}
 m - a +2 ring of strength {unknown}
 w - an uncursed ring of poison resistance {unknown}
Scrolls
 e - a scroll of amnesia {unknown}
 j - 2 scrolls of remove curse {unknown}
 l - 2 scrolls of immolation {unknown}
 o - a scroll of enchant armour {unknown}
 q - 2 scrolls of teleportation {unknown}
 t - 6 scrolls of identify {unknown}
Potions
 d - 2 potions of might
 h - a potion of agility {unknown}
 i - a potion of brilliance {unknown}
 k - 2 potions of invisibility
 n - a potion of cancellation {unknown}
 s - a potion of curing {unknown}
Comestibles
 f - 6 rations
 p - 3 chunks of flesh


   Skills:
 + Level 3.8 Fighting
 - Level 3.1(3.6) Axes
 * Level 2.6(3.3) Maces & Flails
 - Level 3.1 Armour
 - Level 0.1 Dodging
 - Level 2.9 Shields


You had 4 spell levels left.
You didn't know any spells.
Your spell library was empty.

Dungeon Overview and Level Annotations

Branches:
Dungeon (4/15)
 Temple: D:4-7

Altars:
Qazlal
Zin


Innate Abilities, Weirdness & Mutations

You have a pair of small horns on your head.
You are slightly more attuned to the shadows.


Message History

The orc hits you but does no damage. x2; You block the gnoll's attack.
You block the orc's attack. The gnoll barely misses you.
You hit the gnoll.
The gnoll is poisoned.
Your headbutt misses the gnoll.
The gnoll is severely wounded.
You block the orc's attack. The gnoll hits you but does no damage.
The orc hits you but does no damage. x3; You block the gnoll's attack.
You closely miss the gnoll.
The gnoll is almost dead.
You kill the gnoll!
The orc hits you with a mace!
* * * LOW HITPOINT WARNING * * *
You block the orc's attack.
You hit the orc.
The orc is poisoned.
Your headbutt misses the orc.
The orc is heavily wounded.
The orc hits you but does no damage. The gnoll barely misses you.
The orc barely misses you. You block the orc's attack.
It was a potion of invisibility.
You fade into invisibility!
You block the orc's attack. The gnoll hits you with a flail!
You die...

......# #### .....<#
############ ##... .)...###
##..........#####.).# .......###
##............#.....##
.......).###...............###.#
......##)..#.(............## #.#
......####................# #.#
......# ###...).†........# #.#
...[.## #...)@g........# #.#
....## ##..ooo.......## ##.#
...## #...........#####..# ...#
#.#####.#######....# ...# #.#
#.# ###...#..# ...# #.#
#.###...###.## ..#######
#.#####..#..### #.#
#.......#####..#.......## ###.#
######..........(###.######...#


You could see a gnoll and 3 orcs.

Vanquished Creatures
  A howler monkey (D:3)
  An orc priest (D:3)
  5 gnolls
  2 oozes (D:2)
  A worm (D:2)
  2 dart slugs
  2 leopard geckos
  4 orcs (D:3)
  4 giant cockroaches
  10 goblins
  5 hobgoblins
  5 quokkas
  4 ball pythons
  3 bats
  3 frilled lizards
  8 kobolds
  7 rats
67 creatures vanquished.

Notes
Turn   | Place    | Note
-------+----------+-------------------------------------------
     0 | D:1      | Oirien the Demonspawn Fighter began the quest for the Orb.
     0 | D:1      | Reached XP level 1. HP: 18/18 MP: 1/1
   463 | D:1      | Gained mutation: You have a pair of small horns on your head. [demonic ancestry]
   463 | D:1      | Reached XP level 2. HP: 24/24 MP: 2/2
   846 | D:2      | Gained mutation: You are slightly more attuned to the shadows. [demonic ancestry]
   846 | D:2      | Reached XP level 3. HP: 24/29 MP: 3/3
   873 | D:2      | Found a glowing silver altar of Zin.
   879 | D:2      | Found a stormy altar of Qazlal.
  1247 | D:2      | Reached XP level 4. HP: 33/35 MP: 4/4
  1902 | D:3      | Reached skill level 1 in Maces & Flails
  2193 | D:3      | Reached XP level 5. HP: 26/42 MP: 5/5
  2352 | D:3      | Mangled by a gnoll

Vault maps used:
D:1:      nicolae_arrival_memento_mori, minmay_shallow_snake_nest
D:2:      wad_woods_tower, grunt_temple_overflow_open
D:4:      minmay_temple_entry_glassed_door, first_ration,
          kennysheep_big_empty_room, nicolae_zen_rock_garden, uniq_natasha

Skill      XL: |  1  2  3  4  5 |
---------------+----------------+-----
Armour         | 3 |  3.1
Axes           | 2 3 |  3.1
Maces & Flails | 1 2 |  2.6
Fighting       | |  3.8
Dodging        | |  0.1
Shields        | |  2.9

Action                   |  1- 3 |  4- 6 || total
-------------------------+-------+-------++-------
Melee: War axe           |    99 |     3 ||   102
       Headbutt          |    16 |    13 ||    29
       Whip              |       |    75 ||    75
  Use: Potion            |       |     1 ||     1
  Eat: Chunk             |     1 |     4 ||     5
Armor: Scale mail        |    40 |    38 ||    78
Dodge: Dodged            |    36 |    34 ||    70
Block: Shield            |    58 |    45 ||   103

Table legend:
 A = Spawn XP
 B = Non-spawn XP
 C = Spawn XP percentage of total XP
 D = Spawn monster count
 E = Non-spawn monster count
 F = Spawn count percentage of total count
 G = Total turns spent on level
                    A         B        C        D         E        F      G
               +---------+---------+-------+---------+---------+-------+---------
         Total |       0 |     290 |   0.0 |       0 |      67 |   0.0 |  2352
               +---------+---------+-------+---------+---------+-------+---------
           D:1 |       0 |      36 |   0.0 |       0 |      22 |   0.0 |   797
           D:2 |       0 |      82 |   0.0 |       0 |      24 |   0.0 |   791
           D:3 |       0 |     172 |   0.0 |       0 |      21 |   0.0 |   725
               +---------+---------+-------+---------+---------+-------+---------
